Map: Frost LE

Players

Jamileon

  • Race: Protoss Protoss
  • League: Grandmaster

KingLucky - Winner!

  • Race: Protoss Protoss
  • League: Grandmaster

Event: Cheesadelphia Summer 2016

VOD

Have the link to the VOD?

Description

Time

  • Played on: July 23, 2016, 1:03 p.m.
  • Length: 12:23

All games in this series

Show
View Real Time Build Order
Export as new Build Order

Jamileon Protoss 

Build Orders: Oracle Opening 

Get SALT Encoding   

  12  0:01  Probe (Chrono Boost)  
  13  0:11  Probe (Chrono Boost)  
  14  0:18  Pylon  
  14  0:22  Probe (Chrono Boost)  
  15  0:36  Probe (Chrono Boost), Gateway  
  16  0:43  Assimilator  
  16  0:47  Probe (Chrono Boost)  
  17  0:52  Assimilator  
  17  0:57  Probe (Chrono Boost)  
  18  1:06  Gateway  
  18  1:08  Probe (Chrono Boost)  
  19  1:19  Probe (Chrono Boost)  
  20  1:25  Cybernetics Core  
  20  1:29  Probe (Chrono Boost)  
  21  1:35  Pylon  
  21  1:40  Probe (Chrono Boost)  
  22  1:50  Probe (Chrono Boost), Warp Gate  
  24  2:03  Stalker x2  
  27  2:13  Mothership Core (Chrono Boost)  
  29  2:19  Pylon  
  29  2:32  Stalker  
  31  2:37  Stalker  
  33  2:46  Probe (Chrono Boost)  
  33  2:48  Pylon  
  35  3:02  Stalker  
  36  3:07  Stalker  
  36  3:10  Stargate  
  38  3:18  Probe (Chrono Boost)  
  38  3:40  Nexus  
  38  3:50  Pylon  
  38  3:51  Oracle  
  38  4:01  Probe (Chrono Boost)  
  43  4:17  Probe (Chrono Boost)  
  43  4:24  Oracle  
  46  4:35  Probe (Chrono Boost)  
  47  4:38  Robotics Facility  
  47  4:46  Probe (Chrono Boost)  
  48  5:01  Probe (Chrono Boost)  
  48  5:06  Probe (Chrono Boost)  
  50  5:07  Sentry x2  
  50  5:12  Probe (Chrono Boost)  
  55  5:20  Immortal  
  55  5:25  Probe (Chrono Boost)  
  55  5:26  Probe (Chrono Boost)  
  55  5:27  Forge  
  58  5:31  Pylon  
  59  5:35  Probe (Chrono Boost)  
  59  5:40  Pylon  
  59  5:47  Probe (Chrono Boost), Pylon  
  60  5:55  Adept x2, Protoss Ground Weapons Level 1  
  60  5:56  Probe (Chrono Boost)  
  65  5:58  Twilight Council  
  65  5:59  Probe (Chrono Boost)  
  65  6:00  Assimilator  
  66  6:09  Probe (Chrono Boost)  
  66  6:11  Probe (Chrono Boost)  
  68  6:19  Probe (Chrono Boost), Pylon  
  68  6:23  Probe (Chrono Boost)  
  70  6:27  Charge  
  70  6:30  Probe (Chrono Boost)  
  70  6:32  Gateway  
  71  6:33  Gateway  
  71  6:36  Probe (Chrono Boost)  
  71  6:38  Assimilator  
  72  6:42  Probe (Chrono Boost)  
  73  6:50  Probe (Chrono Boost)  
  75  7:01  Probe (Chrono Boost)  
  75  7:03  Adept x2, Pylon  
  75  7:05  Immortal  
  80  7:10  Probe (Chrono Boost)  
  84  7:22  Templar Archives  
  84  7:25  Gateway  
  84  7:26  Zealot  
  84  7:27  Zealot  
  84  7:28  Pylon  
  88  7:40  Immortal  
  88  7:48  Nexus  
  92  7:52  Zealot  
  92  7:54  Zealot  
  98  7:58  Probe x2 (Chrono Boost)  
  98  8:02  Protoss Ground Weapons Level 2  
  98  8:10  High Templar x2  
  102  8:15  Pylon  
  102  8:16  Archon, Gateway  
  102  8:18  Immortal  
  106  8:27  Zealot  
  106  8:33  Zealot  
  110  8:34  Zealot  
  112  8:45  High Templar x2  
  116  8:49  Archon  
  116  8:56  Zealot x3  
  110  9:05  Immortal  
  91  9:17  Zealot x4  
  91  9:19  Zealot  
  91  9:20  Zealot  
  72  9:37  Zealot x4  
  71  9:39  Zealot  
Show
View Real Time Build Order
Export as new Build Order

KingLucky Protoss - Winner!

Build Orders:  

Get SALT Encoding   

  12  0:01  Probe (Chrono Boost)  
  13  0:11  Probe (Chrono Boost)  
  14  0:17  Pylon  
  14  0:22  Probe (Chrono Boost)  
  16  0:35  Probe (Chrono Boost), Gateway  
  16  0:41  Assimilator  
  16  0:46  Probe (Chrono Boost)  
  17  0:51  Assimilator  
  17  0:56  Probe (Chrono Boost)  
  18  1:07  Probe (Chrono Boost)  
  18  1:08  Gateway  
  19  1:17  Probe (Chrono Boost)  
  20  1:23  Cybernetics Core  
  20  1:28  Probe (Chrono Boost)  
  20  1:32  Pylon  
  21  1:38  Probe (Chrono Boost)  
  22  1:49  Probe (Chrono Boost)  
  23  1:59  Warp Gate, Stalker x2  
  27  2:04  Mothership Core (Chrono Boost)  
  29  2:20  Pylon  
  29  2:31  Stalker  
  31  2:38  Stalker  
  34  2:44  Probe (Chrono Boost)  
  33  3:01  Nexus  
  33  3:07  Pylon  
  33  3:12  Sentry  
  37  3:20  Sentry  
  37  3:23  Probe (Chrono Boost)  
  38  3:30  Robotics Facility  
  38  3:35  Probe (Chrono Boost)  
  39  3:46  Probe (Chrono Boost)  
  40  3:56  Probe (Chrono Boost)  
  40  4:01  Stalker  
  40  4:02  Stalker  
  45  4:07  Probe (Chrono Boost)  
  46  4:13  Immortal  
  49  4:29  Stalker  
  49  4:31  Stalker  
  52  4:34  Probe (Chrono Boost)  
  52  4:36  Probe (Chrono Boost)  
  54  4:43  Pylon  
  54  4:45  Probe (Chrono Boost)  
  55  4:49  Probe (Chrono Boost)  
  51  5:05  Sentry x2  
  54  5:07  Probe (Chrono Boost)  
  54  5:09  Probe (Chrono Boost)  
  51  5:18  Probe (Chrono Boost)  
  51  5:20  Probe (Chrono Boost)  
  49  5:27  Observer  
  50  5:28  Probe (Chrono Boost)  
  50  5:31  Probe (Chrono Boost)  
  51  5:39  Probe (Chrono Boost)  
  51  5:40  Assimilator  
  51  5:41  Probe (Chrono Boost)  
  53  5:46  Pylon  
  53  5:49  Probe (Chrono Boost)  
  54  5:52  Probe (Chrono Boost)  
  52  6:00  Probe (Chrono Boost)  
  52  6:02  Probe (Chrono Boost)  
  52  6:03  Twilight Council  
  54  6:07  Sentry  
  54  6:10  Probe (Chrono Boost)  
  57  6:13  Probe (Chrono Boost)  
  58  6:21  Probe (Chrono Boost)  
  58  6:23  Probe (Chrono Boost)  
  60  6:31  Probe (Chrono Boost)  
  61  6:34  Probe (Chrono Boost)  
  61  6:37  Immortal  
  61  6:39  Resonating Glaives  
  66  6:42  Probe (Chrono Boost)  
  66  6:45  Probe (Chrono Boost)  
  68  6:48  Pylon  
  68  7:07  Gateway x2  
  68  7:11  Gateway  
  68  7:18  Gateway  
  68  7:27  Gateway  
  68  7:29  Warp Prism  
  70  7:39  Probe (Chrono Boost)  
  70  7:40  Probe (Chrono Boost)  
  70  7:43  Colossus  
  72  7:48  Pylon  
  72  7:50  Sentry x2  
  77  7:51  Probe (Chrono Boost)  
  77  7:57  Pylon  
  77  8:16  Adept x5  
  77  8:17  Adept  
  89  8:28  Archon, Pylon  
  89  8:29  Pylon  
  89  8:30  Pylon  
  89  8:31  Archon x2  
  89  8:41  Adept x2  
  93  8:51  Adept x4  
  91  9:04  Adept x2  
  91  9:05  Adept  
  95  9:17  Adept x2  
  95  9:18  Adept x2  
  97  9:28  Adept x2  
  97  9:30  Adept  
  89  9:42  Adept x3  
  89  9:43  Sentry  
Tags
 
Add a new tag
Caveats
  • Supply blocks, unpowered buildings, or Contaminate may cause inaccurate times.
  • Supply counts are checked every 10 seconds.